 Dungeon Crawl Stone Soup version 0.26.0-57-g60708a5e39 (webtiles) character file.

Game seed: 10230210116564080967

86 PentaManta the Sneak (level 4, 22/22 HPs)
             Began as a Spriggan Brigand on Feb 1, 2021.
             Got out of the dungeon alive.
             The game lasted 00:04:43 (3025 turns).

PentaManta the Sneak (Spriggan Brigand)             Turns: 3025, Time: 00:04:43

Health: 22/22      AC:  3    Str:  7    XL:     4   Next: 26%
Magic:  5/5        EV: 20    Int: 12    God:
Gold:   95         SH:  0    Dex: 18    Spells: 3/3 levels left

rFire    . . .     SeeInvis +   a - +2 dagger
rCold    . . .     Faith    .   (shield restricted)
rNeg     . . .     Spirit   .   b - +0 robe
rPois    .         Reflect  .   (helmet restricted)
rElec    .         Harm     .   c - +0 cloak
rCorr    .         Rampage  .   (gloves unavailable)
Will     .....                  (boots unavailable)
Stlth    ++++......             (no amulet)
HPRegen  0.07/turn              (no ring)
MPRegen  0.09/turn              (no ring)

@: very quick
A: very small, unfitting armour, see invisible, speed 3
a: no special abilities


You escaped.
You visited 1 branch of the dungeon, and saw 3 of its levels.

You collected 95 gold pieces.

Inventory:

Hand Weapons
 a - a +2 dagger (weapon)
 q - a +0 hunting sling
Missiles
 d - 6 poisoned darts (quivered)
 e - 2 curare-tipped darts
 p - 80 stones
Armour
 b - a +0 robe (worn)
 c - a +0 cloak (worn)
Jewellery
 j - a cursed ring of teleportation {unknown}
 l - an uncursed ring of stealth {unknown}
 n - a +4 ring of protection {unknown}
Scrolls
 g - 2 scrolls of teleportation {unknown}
 h - 2 scrolls of identify {unknown}
 i - a scroll of amnesia {unknown}
 k - a scroll of remove curse {unknown}
Potions
 f - a potion of degeneration {unknown}
 m - 2 potions of cancellation {unknown}
 o - a potion of attraction {unknown}


   Skills:
 - Level 1.5 Fighting
 + Level 3.1 Short Blades
 - Level 2.0 Throwing
 * Level 4.6 Dodging
 - Level 6.4 Stealth


You had 3 spell levels left.
You didn't know any spells.
Your spell library contained the following spells:

 Spells                   Type           Power        Failure   Level
 Beastly Appendage        Tmut           0%           32%         1
 Wereblood                Tmut           0%           45%         2
 Spider Form              Tmut/Pois      0%           69%         3
 Ice Form                 Ice/Tmut       0%           97%         4
 Blade Hands              Tmut           0%           100%        5


Dungeon Overview and Level Annotations

Branches:
Dungeon (3/15)

Altars:
Cheibriados
Fedhas
Okawaru
Zin

Annotations:
D:3 Natasha


Innate Abilities, Weirdness & Mutations

You are very small and have problems with some larger weapons.
You are too small for most types of armour.
You have supernaturally acute eyesight. (SInv)
You cover ground extremely quickly.


Message History

An orc comes into view. It is wielding a +0 short sword.
A kobold comes into view.
A bat comes into view.
The bat moves out of view.
There is a stone staircase leading up here.
You climb upwards.
There is a stone staircase leading down here.
There is a stone staircase leading up here.
You climb upwards.
There is a stone staircase leading down here.
You open the door.
There is an open door here.
There is a staircase leading out of the dungeon here.
Are you sure you want to leave the Dungeon?
This will make you lose the game!
Alright, then stay!
You can't go down here!
Are you sure you want to leave the Dungeon?
This will make you lose the game!
Uppercase [Y]es or [N]o only, please.
Are you sure you want to leave the Dungeon?
This will make you lose the game!
You have escaped!

##.###.## ##................
##.## ##.###.####...###.#####
#####.## ##.#.## ##.#.[..# #.
.......## ##.#.### #......# #.
#######)###......# ##...### #.
.# ##.#..##.##########.# #. ##
##.#.####P#P♣....'.# #.
###########.# ♣.#P♣..≈≈≈#.# #.
#.....# #.# #♣@....8≈##.######.
#.....####.##♣.#P♣..≈≈≈#......#.
#...........###P#P♣.[..'..).....
#.....####....##########......#.
#.....# ####.# #.#>...#####.
####### #.# #.#....# #. ### #.#
#.#....# #> ..# ######.#
#.#....# #. #.# #......#
#......### #.


There were no monsters in sight!

Vanquished Creatures
  A hound skeleton (D:2)
  2 adders (D:2)
  3 oozes (D:1)
  3 worms (D:2)
  A leopard gecko (D:2)
  2 giant cockroaches (D:1)
  9 goblins
  2 hobgoblins (D:2)
  3 kobolds
  A quokka (D:2)
  3 bats
  3 rats
33 creatures vanquished.

Vanquished Creatures (others)
  6 fungi (D:2)
  3 plants (D:2)
9 creatures vanquished.

Grand Total: 42 creatures vanquished

Notes
Turn   | Place    | Note
-------+----------+-------------------------------------------
     0 | D:1      | PentaManta the Spriggan Brigand began the quest for the
                  | Orb.
     0 | D:1      | Reached XP level 1. HP: 10/10 MP: 2/2
    90 | D:1      | Reached skill level 6 in Stealth
   433 | D:1      | Reached XP level 2. HP: 14/14 MP: 3/3
   686 | D:1      | Reached XP level 3. HP: 18/18 MP: 4/4
   839 | D:2      | Found a blossoming altar of Fedhas.
  1035 | D:2      | Found a glowing silver altar of Zin.
  2008 | D:2      | Found a snail-covered altar of Cheibriados.
  2441 | D:2      | Reached XP level 4. HP: 11/22 MP: 5/5
  2677 | D:2      | Found an iron altar of Okawaru.
  2984 | D:3      | Noticed Natasha
  3025 | D:$      | Got out of the dungeon alive.

Illustrated notes

Levels and vault maps discovered:
D:1:      tarquinn_simple_flora_water_d, layout_loops_cross
D:2:      layout_loops_ring, old_standard_altar, old_standard_altar,
          marbit_many_paths, fedhas_altar_3
D:3:      layout_loops_ring, kennysheep_path_1, glass_columns_b, uniq_natasha

Skill      XL: |  1  2  3 |
---------------+----------+-----
Dodging        | 2 3 4 |  4.6
Stealth        | 6 |  6.4
Short Blades   | 3 |  3.1
Fighting       | |  1.5
Throwing       | |  2.0

Action                   |  1- 3 |  4- 6 || total
-------------------------+-------+-------++-------
Melee: Dagger            |   126 |    13 ||   139
Throw: Dart              |    15 |       ||    15
 Stab: Sleeping          |    11 |     2 ||    13
Armor: Robe              |     5 |     2 ||     7
Dodge: Dodged            |    62 |     9 ||    71
